 Dungeon Crawl Stone Soup version 0.25.1-2-g60ff931df9 (webtiles) character file.

Game seed: 4227122706494599097

13706 Almogavar the Fencer (level 11, -15/101 HPs)
             Began as a Minotaur Berserker on Sept 2, 2020.
             Was a High Priest of Trog.
             Demolished by a skeletal warrior
             ... wielding a +0 glaive
              (16 damage)
             ... on level 11 of the Dungeon.
             The game lasted 00:35:10 (9494 turns).

Almogavar the Fencer (Minotaur Berserker)           Turns: 9494, Time: 00:35:11

Health: -15/101    AC: 13    Str: 29    XL:     11   Next: 79%
Magic:  10/10      EV: 27    Int:  8    God:    Trog [*****.]
Gold:   557        SH:  0    Dex: 10    Spells: 10/10 levels left

rFire    + + .     SeeInvis .   a - +4 great sword (flame)
rCold    + + .     Gourm    .   (shield currently unavailable)
rNeg     . . .     Faith    .   B - +0 chain mail
rPois    +         Spirit   .   (helmet restricted)
rElec    +         Reflect  .   d - scarf {rC+ rF+}
rCorr    +         Harm     .   (no gloves)
MR       .....                  q - +0 pair of boots
Stlth    ..........             k - amulet of the acrobat
HPRegen  0.26/turn              y - +4 ring of slaying
MPRegen  0.12/turn              b - ring "Woisom" {Str+4 Int+4 Slay+3 Stlth-}

@: resistant, acrobat, lightly drained
A: retaliatory headbutt, horns 2
a: Berserk, Trog's Hand, Brothers in Arms, Renounce Religion


You were on level 11 of the Dungeon.
You worshipped Trog.
Trog was extremely pleased with you.
You were hungry.

You visited 1 branch of the dungeon, and saw 11 of its levels.

You collected 557 gold pieces.

Inventory:

Hand Weapons
 a - a +4 great sword of flaming (weapon)
 A - a +2 falchion of electrocution
 C - a +4 scimitar
Armour
 d - a scarf of resistance (worn)
 q - a +0 pair of boots (worn)
 B - a +0 chain mail (worn)
 E - a +0 plate armour
Jewellery
 b - the ring "Woisom" (right hand) {Str+4 Int+4 Slay+3 Stlth-}
   (You found it on level 8 of the Dungeon)

   [ring of attention]

   It affects your strength (+4).
   It affects your intelligence (+4).
   It affects your accuracy and damage with ranged weapons and melee attacks
   (+3).
   It makes you less stealthy.
 k - an amulet of the acrobat (around neck)
 l - an uncursed ring of flight
 o - an uncursed ring of magical power
 y - a +4 ring of slaying (left hand)
 H - an uncursed ring of resist corrosion
Wands
 e - a wand of polymorph (10)
 I - a wand of flame (19)
 M - a wand of random effects (17)
Scrolls
 g - 2 scrolls of immolation
 h - 6 scrolls of teleportation
 j - 4 scrolls of remove curse
 n - 2 scrolls of enchant weapon
 r - 2 scrolls of magic mapping
 t - a scroll of fear
 u - a scroll of vulnerability {unknown}
 z - 3 scrolls of enchant armour
 G - a scroll of acquirement {unknown}
 L - a scroll of silence
 N - a scroll of random uselessness {unknown}
Potions
 f - a potion of might
 i - 4 potions of curing {unknown}
 p - 2 potions of mutation {unknown}
 s - a potion of cancellation {unknown}
 v - a potion of haste {unknown}
 w - 2 potions of invisibility {unknown}
 x - a potion of magic {unknown}
 F - a potion of brilliance {unknown}
 J - a potion of ambrosia {unknown}
 K - a potion of flight {unknown}
Comestibles
 c - 14 rations


   Skills:
 + Level 10.5(10.4) Fighting
 + Level 15.2(15.1) Long Blades
 + Level 11.3(11.2) Armour
 + Level 7.1(7.0) Dodging
 + Level 0.3(0.2) Evocations


You had 10 spell levels left.
You didn't know any spells.
Your spell library was empty.

Dungeon Overview and Level Annotations

Branches:
Dungeon (11/15)            Temple (0/1) D:4            Lair (0/6) D:8
    Orc: D:9-12

Altars:
Ashenzari
Gozag
Nemelex Xobeh
Okawaru
Qazlal
Sif Muna
Wu Jian
Xom


Innate Abilities, Weirdness & Mutations

You reflexively headbutt those who attack you in melee.
You have a pair of horns on your head.


Message History

The skeletal warrior hits you from afar with a +0 glaive!
You closely miss the skeletal warrior. You headbutt the skeletal warrior.
The skeletal warrior is heavily damaged.
The skeletal warrior hits you but does no damage.
The skeletal warrior hits you with a +0 short sword!
The skeletal warrior hits you with a +0 halberd!
* * * LOW HITPOINT WARNING * * *
The skeletal warrior hits you from afar with a +0 glaive!
* * * LOW HITPOINT WARNING * * *
The skeletal warrior hits you from afar with a +0 glaive!
* * * LOW HITPOINT WARNING * * *
It was a potion of resistance.
You feel protected. The skeletal warrior misses you. You furiously retaliate!
You headbutt the skeletal warrior, but do no damage.
The skeletal warrior hits you but does no damage. x2
The skeletal warrior closely misses you.
Unknown command.
The skeletal warrior hits you with a +0 glaive!
You die...

....... ......
....... .......
.......##.......
................
.....(..........
..............=.
......†.........
.......z).......
...##.[.@z.....#
#..zzz.....#
........o.....#
...##..##....... ..
#.# ....... . ...
##..... ...... ....
.###....# o.....
.................#
.o8o.. .....##
#........####o....#


You could see 5 skeletal warriors and an orc warrior.

Vanquished Creatures
  Gastronok (D:9)
  A two-headed ogre (D:10)
  Sonja (D:10)
  Nergalle (D:10)
  An unseen horror (D:7)
  2 ugly things
  Maurice (D:9)
  A centaur zombie (D:10)
  Psyche (D:9)
  2 kobold demonologists (D:10)
  3 trolls
  Grinder (D:6)
  A hornet (D:9)
  2 hippogriffs
  A wyvern (D:8)
  6 yaks (D:10)
  2 hungry ghosts
  3 ice beasts
  A sky beast (D:5)
  A phantom (D:6)
  2 orc warriors
  6 ogres
  5 centaurs
  3 big kobolds
  8 bullfrogs
  A water moccasin zombie (D:7)
  4 scorpions
  7 wights (D:9)
  9 crimson imps
  A quasit (D:10)
  3 jellies
  8 orc priests
  7 orc wizards
  A bullfrog zombie (D:11)
  6 hounds
  A gnoll shaman (D:6)
  2 bullfrog skeletons
  2 centaur skeletons (D:9)
  5 iguanas
  Natasha (twice) (D:4)
  8 worker ants
  A hound skeleton (D:4)
  2 worker ant zombies
  9 adders
  6 gnolls
  2 howler monkey skeletons
  2 shadow imps
  An ooze (D:1)
  An adder zombie (D:5)
  An adder skeleton (D:4)
  3 worms
  3 dart slugs
  10 leopard geckos
  41 orcs
  7 bats
  5 giant cockroaches
  5 goblins
  5 hobgoblins
  10 jackals
  11 quokkas
  4 frilled lizards (D:2)
  A jackal zombie (D:5)
  16 kobolds
  A leopard gecko zombie (D:5)
  A quokka skeleton (D:4)
  6 rats
278 creatures vanquished.

Notes
Turn   | Place    | Note
-------+----------+-------------------------------------------
     0 | D:1      | Almogavar the Minotaur Berserker began the quest for the
                  | Orb.
     0 | D:1      | Reached XP level 1. HP: 19/19 MP: 0/0
   355 | D:1      | Reached skill level 4 in Long Blades
   355 | D:1      | Reached XP level 2. HP: 27/27 MP: 1/1
   949 | D:2      | Reached XP level 3. HP: 33/33 MP: 2/2
  1034 | D:2      | Reached ** piety under Trog
  1388 | D:2      | Found an opulent altar of Gozag.
  1721 | D:3      | Reached XP level 4. HP: 41/41 MP: 3/3
  2269 | D:4      | Found a shattered altar of Ashenzari.
  2277 | D:4      | Reached skill level 5 in Long Blades
  2412 | D:4      | Reached XP level 5. HP: 44/47 MP: 4/4
  2475 | D:4      | Reached *** piety under Trog
  2624 | D:4      | Reached XP level 6. HP: 39/55 MP: 5/5
  2626 | D:4      | Reached skill level 5 in Fighting
  2626 | D:4      | Reached skill level 6 in Long Blades
  3134 | D:4      | Noticed Natasha
  3146 | D:4      | Killed Natasha
  3197 | D:4      | Found a staircase to the Ecumenical Temple.
  3222 | D:4      | Found a stormy altar of Qazlal.
  3371 | D:4      | Noticed Natasha
  3377 | D:4      | Killed Natasha
  3526 | D:5      | Entered Level 5 of the Dungeon
  3539 | D:5      | Reached XP level 7. HP: 54/61 MP: 6/6
  3598 | D:5      | Reached skill level 7 in Long Blades
  3598 | D:5      | Reached skill level 5 in Armour
  3792 | D:5      | Found a shattered altar of Ashenzari.
  3876 | D:5      | Reached **** piety under Trog
  4371 | D:6      | Reached skill level 8 in Long Blades
  4377 | D:6      | Reached XP level 8. HP: 49/70 MP: 7/7
  4534 | D:6      | Reached skill level 5 in Dodging
  4588 | D:6      | Found an iron altar of Okawaru.
  5147 | D:6      | Found a shimmering altar of Xom.
  5183 | D:6      | Reached skill level 9 in Long Blades
  5580 | D:6      | Noticed Grinder
  5589 | D:6      | Killed Grinder
  5620 | D:6      | Found an iron altar of Okawaru.
  5881 | D:7      | Reached XP level 9. HP: 74/79 MP: 8/8
  5980 | D:7      | Killed an unseen horror
  5980 | D:7      | Reached skill level 10 in Long Blades
  6169 | D:7      | Reached ***** piety under Trog
  6518 | D:8      | Got a scintillating golden ring
  6520 | D:8      | Identified the ring "Woisom" {Str+4 Int+4 Slay+3 Stlth-}
                  | (You found it on level 8 of the Dungeon)
  6580 | D:8      | Found a staircase to the Lair.
  6709 | D:8      | Found an ornate altar of the Wu Jian Council.
  6891 | D:8      | Reached skill level 11 in Long Blades
  7094 | D:8      | Reached XP level 10. HP: 87/90 MP: 9/9
  7196 | D:9      | Received a gift from Trog
  7266 | D:9      | You fall into a shaft and drop 2 floors!
  7267 | D:11     | Noticed a red ugly thing
  7267 | D:11     | Noticed a skeletal warrior
  7267 | D:11     | Noticed a skeletal warrior
  7267 | D:11     | Noticed a skeletal warrior
  7267 | D:11     | Noticed a skeletal warrior
  7267 | D:11     | Noticed a skeletal warrior
  7280 | D:10     | Entered Level 10 of the Dungeon
  7666 | D:9      | Noticed Gastronok
  7687 | D:9      | Reached skill level 12 in Long Blades
  7687 | D:9      | Reached skill level 10 in Armour
  7698 | D:9      | Killed Gastronok
  7698 | D:9      | Reached skill level 13 in Long Blades
  7865 | D:9      | Noticed Maurice
  7882 | D:9      | Killed Maurice
  7882 | D:9      | Reached XP level 11. HP: 95/99 MP: 10/10
  8002 | D:9      | Noticed Psyche
  8009 | D:9      | Killed Psyche
  8147 | D:9      | Found a shimmering blue altar of Sif Muna.
  8281 | D:9      | Found a sparkling altar of Nemelex Xobeh.
  8588 | D:10     | Noticed Sonja
  8613 | D:10     | Killed Sonja
  8613 | D:10     | Reached skill level 10 in Fighting
  8613 | D:10     | Reached skill level 14 in Long Blades
  8990 | D:11     | Noticed a two-headed ogre
  9009 | D:10     | Killed a two-headed ogre
  9086 | D:11     | Noticed a cyan ugly thing
  9086 | D:11     | Noticed Nergalle
  9312 | D:11     | Noticed a green ugly thing
  9319 | D:11     | Killed a green ugly thing
  9322 | D:11     | Reached skill level 15 in Long Blades
  9326 | D:10     | Killed a red ugly thing
  9394 | D:10     | Killed Nergalle
  9492 | D:11     | HP: 1/101 [skeletal warrior/+0 glaive (16)]
  9494 | D:11     | Demolished by a skeletal warrior

Illustrated notes

Levels and vault maps discovered:
D:1:      beargit_arrival_greenhouse, layout_loops_corners
D:2:      layout_loops_ring, grunt_gozag_statues
D:3:      layout_rooms, first_ration
D:4:      layout_basic, lemuel_crystal_altar, kennysheep_mini_moat,
          minmay_temple_entry_glassed_door, eino_tiny_chamber,
          guppyfry_early_lair_pool, uniq_natasha
D:5:      layout_basic, basic_altar
D:6:      wad_crossroads, layout_loops_corners, marbit_many_paths,
          lemuel_doored_altar, okawaru_metal_pillars_1_2, uniq_grinder
D:7:      minmay_evil_eye, layout_rooms
D:8:      layout_rooms, lair_entry_dummy, serial_glass, glass_columns_c,
          glass_columns_a, basic_altar
D:9:      layout_basic, nemelex_altar_shiori, lemuel_round_altar, uniq_psyche,
          uniq_gastronok, uniq_maurice
D:10:     layout_stronghold, uniq_sonja
D:11:     layout_cave_pools, david_orc_2, grunt_pizzeria, uniq_erolcha,
          uniq_urug, uniq_fannar, uniq_nergalle

Skill      XL: |  1  2  3  4  5  6  7  8  9 10 11 |
---------------+----------------------------------+-----
Long Blades    | 4 5 6 8 9 11 13 15 | 15.2
Fighting       | 4 5 6 7 8 9 10 | 10.5
Armour         | 3 4 5 7 9 10 11 | 11.3
Dodging        | 3 4 5 6 7 |  7.1
Evocations     | |  0.3

Action                   |  1- 3 |  4- 6 |  7- 9 | 10-12 || total
-------------------------+-------+-------+-------+-------++-------
Melee: Falchion          |    75 |   137 |   264 |     2 ||   478
       Headbutt          |    16 |    27 |    57 |    39 ||   139
       Great sword       |       |       |       |   119 ||   119
 Abil: Stop Flying       |       |     1 |       |       ||     1
       Evoke Flight      |       |     1 |       |       ||     1
  Use: Scroll            |     5 |       |     5 |     1 ||    11
       Potion            |       |       |       |     1 ||     1
  Eat: Chunk             |     3 |     6 |    10 |     4 ||    23
       Ration            |       |       |     1 |     1 ||     2
Armor: Animal skin       |     3 |       |       |       ||     3
       Ring mail         |    22 |    42 |    41 |       ||   105
       Chain mail        |       |       |    41 |    74 ||   115
Dodge: Dodged            |    48 |   111 |   141 |   133 ||   433
       Rpst.: Falchion   |    13 |    24 |    32 |       ||    69
       Great sword       |       |       |       |    28 ||    28
